Workbook

Sheet Enero
D2: ¿Cómo iniciar? 1. Colocá todos tus ingresos en la casilla de "presupuestado". 2. Dividí el monto total de ingresos en todos los rubros de gastos. No debe sobrarte dinero, y si sobra, que vaya a tu categoría de ahorro. 3. Empezás a agregar todos tus gastos en la pestaña de "real". | G2: Lo importante: Si dejaste de llenarlo un tiempo, no importa. Volvé a iniciar así sea a mitad de mes. Lo que cambia tus finanzas es el hábito.
B5: PRESUPUESTO PARA FAMILIAS
E7: PRESUPUESTADO | F7: REAL | G7: DIFERENCIA | H7: MEDIO DE PAGO
B8: INGRESOS | D8: Salario mensual | G8: =+E8-F8 -> 0 | H8: Depósito a cuenta
D9: Comisiones /Bonos / Viáticos | G9: =+E9-F9 -> 0
D10: Aguinaldo | G10: =+E10-F10 -> 0
D11: Retiro cuentas de ahorro / Intereses ganados | G11: =+E11-F11 -> 0
D12: Préstamos pedidos | G12: =+E12-F12 -> 0
D13: Negocios personales | G13: =+E13-F13 -> 0
D14: Otros | G14: =+E14-F14 -> 0
B15: TOTAL INGRESOS | E15: =SUM(E8:E14) -> 0 | F15: =SUM(F8:F14) -> 0 | G15: =SUM(G8:G14) -> 0 | H15: =SUM(H8:H13) -> 0
B16: AHORRO
D18: Fondo de emergencia | G18: =+E18-F18 -> 0
D19: Plan de retiro | G19: =+E19-F19 -> 0
D20: Metas | G20: =+E20-F20 -> 0
D21: Inversiones | G21: =+E21-F21 -> 0
D22: TOTAL AHORRO | E22: =SUM(E18:E21) -> 0 | F22: =SUM(F18:F21) -> 0 | G22: =SUM(G18:G21) -> 0
B23: HOGAR Y SERVICIOS BÁSICOS
D24: Renta | E24: 400 | F24: 398 | G24: =+E24-F24 -> 2 | H24: Tarjeta de débito
D25: Electricidad | G25: =+E25-F25 -> 0
D26: Agua | G26: =+E26-F26 -> 0
D27: Cable / Internet / Teléfono | G27: =+E27-F27 -> 0
D28: Gas / Basura | G28: =+E28-F28 -> 0
D29: Compras en el supermercado | G29: =+E29-F29 -> 0
D30: Empleados / Jardinería | G30: =+E30-F30 -> 0
D31: Lavandería / Dry Cleaning / Planchada | G31: =+E31-F31 -> 0
D32: Vigilancia | G32: =+E32-F32 -> 0
D33: Mantenimiento / Mejoras
D34: Compra de aparatos / Mobiliario | G34: =+E34-F34 -> 0
D35: TOTAL HOGAR Y SERVICIOS BÁSICOS | E35: =SUM(E24:E34) -> 400 | F35: =SUM(F24:F34) -> 398 | G35: =SUM(G24:G34) -> 2
B36: AUTO / TRANSPORTE
D37: Combustible | G37: =+E37-F37 -> 0
D38: Mantenimiento / Reparaciones | G38: =+E38-F38 -> 0
D39: Transporte | G39: =+E39-F39 -> 0
D40: Otros (Lavado / Inspecciones / Llantas) | G40: =+E40-F40 -> 0
D41: TOTAL AUTO / TRANSPORTE | E41: =SUM(E37:E40) -> 0 | F41: =SUM(F37:F40) -> 0 | G41: =SUM(G37:G40) -> 0
B42: PAGO DE DEUDAS
D43: Crédito hipotecario
D44: Crédito automotriz | G44: =+E44-F44 -> 0
D45: Extrafinanciamiento | G45: =+E45-F45 -> 0
D46: Préstamo personal | G46: =+E46-F46 -> 0
D47: Tarjeta de crédito 1 | G47: =+E47-F47 -> 0
D48: Tarjeta de crédito 2 | G48: =+E48-F48 -> 0
D49: Tarjeta de crédito 3 | G49: =+E49-F49 -> 0
D50: Casa comercial | G50: =+E50-F50 -> 0
D51: Financiera | G51: =+E51-F51 -> 0
D52: Prestamista | G52: =+E52-F52 -> 0
D53: Otros | G53: =+E53-F53 -> 0
D54: TOTAL PAGO DE DEUDAS | E54: =SUM(E43:E53) -> 0 | F54: =SUM(F43:F53) -> 0 | G54: =SUM(G43:G53) -> 0
B55: GASTOS MÉDICOS
D56: Doctor 1 | G56: =+E56-F56 -> 0
D57: Doctor 2 | G57: =+E57-F57 -> 0
D58: Hospital / Exámenes / Medicamentos | G58: =+E58-F58 -> 0
D59: TOTAL GASTOS MÉDICOS | E59: =SUM(E56:E58) -> 0 | F59: =SUM(F56:F58) -> 0 | G59: =SUM(G56:G58) -> 0
B60: HIJOS, HIJAS Y BEBÉS
D61: Colegiatura | G61: =+E61-F61 -> 0
D62: Mesada / Lonchera | G62: =+E62-F62 -> 0
D63: Entrada a clases / Útiles / Uniformes | G63: =+E63-F63 -> 0
D64: Entretenimiento / Ropa / Cumpleaños | G64: =+E64-F64 -> 0
D65: Clases Extras (Idiomas / Deportes / Artes) | G65: =+E65-F65 -> 0
D66: Doctor / Medicinas / Vitaminas / Vacunas | G66: =+E66-F66 -> 0
D67: Bebé (Leche / Pañales / Toallitas, etc.) | G67: =+E67-F67 -> 0
D68: Otros | G68: =+E68-F68 -> 0
D69: Otros | G69: =+E69-F69 -> 0
D70: Otros | G70: =+E70-F70 -> 0
D71: TOTAL HIJOS | E71: =SUM(E61:E70) -> 0 | F71: =SUM(F61:F70) -> 0 | G71: =SUM(G61:G70) -> 0
B72: DÍA A DÍA
D73: Educación / Clases de | G73: =+E73-F73 -> 0
D74: Mascotas | G74: =+E74-F74 -> 0
D75: Salón de belleza | G75: =+E75-F75 -> 0
D76: Recargas celular | G76: =+E76-F76 -> 0
D77: Caridad / Diezmo / Ayuda a familiar | G77: =+E77-F77 -> 0
D78: Compra de ropa / Zapatos / Maquillaje | G78: =+E78-F78 -> 0
D79: Dinero extra / Gastos hormiga | G79: =+E79-F79 -> 0
D80: Otros | G80: =+E80-F80 -> 0
D81: TOTAL DÍA A DÍA | E81: =SUM(E73:E80) -> 0 | F81: =SUM(F73:F80) -> 0 | G81: =SUM(G73:G80) -> 0
B82: SEGUROS
D83: Auto | G83: =+E83-F83 -> 0
D84: Casa | G84: =+E84-F84 -> 0
D85: Vida / Salud / Accidentes | G85: =+E85-F85 -> 0
D86: Otros | G86: =+E86-F86 -> 0
D87: TOTAL SEGUROS | E87: =SUM(E83:E86) -> 0 | F87: =SUM(F83:F86) -> 0 | G87: =SUM(G83:G86) -> 0
B88: MEMBRESÍAS Y SUSCRIPCIONES
D89: Plan de celular | G89: =+E89-F89 -> 0
D90: Gimnasio / Club | G90: =+E90-F90 -> 0
D91: Netflix / Spotify / Otros | G91: =+E91-F91 -> 0
D92: Otros | G92: =+E92-F92 -> 0
D93: TOTAL MEMBRESÍAS Y SUSCRIPCIONES | E93: =SUM(E89:E92) -> 0 | F93: =SUM(F89:F92) -> 0 | G93: =SUM(G89:G92) -> 0
B94: ENTRETENIMIENTO
D95: Bares / Discos / Conciertos | G95: =+E95-F95 -> 0
D96: Libros / Cine / Juegos en línea | G96: =+E96-F96 -> 0
D97: Comidas fuera / Cafés | G97: =+E97-F97 -> 0
D98: Hobby | G98: =+E98-F98 -> 0
D99: Otros (Regalos / Celebraciones) | G99: =+E99-F99 -> 0
D100: Viajes / Vacaciones | G100: =+E100-F100 -> 0
D101: TOTAL ENTRETENIMIENTO | E101: =SUM(E95:E100) -> 0 | F101: =SUM(F95:F100) -> 0 | G101: =SUM(G95:G100) -> 0
D104: TOTAL GASTOS | E104: =+E22+E41+E54+E59+E71+E81+E87+E93+E101+E35 -> 400 | F104: =+F22+F41+F54+F59+F71+F81+F87+F93+F101+F35 -> 398 | G104: =+G22+G41+G54+G59+G71+G81+G87+G93+G101+G35 -> 2
D106: TOTAL INGRESOS - GASTOS | E106: =+E15-E104 -> -400 | F106: =+F15-F104 -> -398

Sheet Febrero
G2: El mes pasado me excedí en:
G3: =Enero!F106 -> -398
B5: PRESUPUESTO PARA FAMILIAS
E7: PRESUPUESTADO | F7: REAL | G7: DIFERENCIA | H7: MEDIO DE PAGO
B8: INGRESOS | D8: Salario mensual | G8: =+E8-F8 -> 0
D9: Comisiones /Bonos / Viáticos | G9: =+E9-F9 -> 0
D10: Aguinaldo | G10: =+E10-F10 -> 0
D11: Retiro cuentas de ahorro / Intereses ganados | G11: =+E11-F11 -> 0
D12: Préstamos pedidos | G12: =+E12-F12 -> 0
D13: Negocios personales | G13: =+E13-F13 -> 0
D14: Otros | G14: =+E14-F14 -> 0
B15: TOTAL INGRESOS | E15: =SUM(E8:E14) -> 0 | F15: =SUM(F8:F14) -> 0 | G15: =SUM(G8:G14) -> 0 | H15: =SUM(H8:H13) -> 0
B16: AHORRO
D18: Fondo de emergencia | G18: =+E18-F18 -> 0
D19: Plan de retiro | G19: =+E19-F19 -> 0
D20: Metas | G20: =+E20-F20 -> 0
D21: Inversiones | G21: =+E21-F21 -> 0
D22: TOTAL AHORRO | E22: =SUM(E18:E21) -> 0 | F22: =SUM(F18:F21) -> 0 | G22: =SUM(G18:G21) -> 0
B23: HOGAR Y SERVICIOS BÁSICOS
D24: Renta | G24: =+E24-F24 -> 0
D25: Electricidad | G25: =+E25-F25 -> 0
D26: Agua | G26: =+E26-F26 -> 0
D27: Cable / Internet / Teléfono | G27: =+E27-F27 -> 0
D28: Gas / Basura | G28: =+E28-F28 -> 0
D29: Compras en el supermercado | G29: =+E29-F29 -> 0
D30: Empleados / Jardinería | G30: =+E30-F30 -> 0
D31: Lavandería / Dry Cleaning / Planchada | G31: =+E31-F31 -> 0
D32: Vigilancia | G32: =+E32-F32 -> 0
D33: Mantenimiento / Mejoras
D34: Compra de aparatos / Mobiliario | G34: =+E34-F34 -> 0
D35: TOTAL HOGAR Y SERVICIOS BÁSICOS | E35: =SUM(E24:E34) -> 0 | F35: =SUM(F24:F34) -> 0 | G35: =SUM(G24:G34) -> 0
B36: AUTO / TRANSPORTE
D37: Combustible | G37: =+E37-F37 -> 0
D38: Mantenimiento / Reparaciones | G38: =+E38-F38 -> 0
D39: Transporte | G39: =+E39-F39 -> 0
D40: Otros (Lavado / Inspecciones / Llantas) | G40: =+E40-F40 -> 0
D41: TOTAL AUTO / TRANSPORTE | E41: =SUM(E37:E40) -> 0 | F41: =SUM(F37:F40) -> 0 | G41: =SUM(G37:G40) -> 0
B42: PAGO DE DEUDAS
D43: Crédito hipotecario
D44: Crédito automotriz | G44: =+E44-F44 -> 0
D45: Extrafinanciamiento | G45: =+E45-F45 -> 0
D46: Préstamo personal | G46: =+E46-F46 -> 0
D47: Tarjeta de crédito 1 | G47: =+E47-F47 -> 0
D48: Tarjeta de crédito 2 | G48: =+E48-F48 -> 0
D49: Tarjeta de crédito 3 | G49: =+E49-F49 -> 0
D50: Casa comercial | G50: =+E50-F50 -> 0
D51: Financiera | G51: =+E51-F51 -> 0
D52: Prestamista | G52: =+E52-F52 -> 0
D53: Otros | G53: =+E53-F53 -> 0
D54: TOTAL PAGO DE DEUDAS | E54: =SUM(E43:E53) -> 0 | F54: =SUM(F43:F53) -> 0 | G54: =SUM(G43:G53) -> 0
B55: GASTOS MÉDICOS
D56: Doctor 1 | G56: =+E56-F56 -> 0
D57: Doctor 2 | G57: =+E57-F57 -> 0
D58: Hospital / Exámenes / Medicamentos | G58: =+E58-F58 -> 0
D59: TOTAL GASTOS MÉDICOS | E59: =SUM(E56:E58) -> 0 | F59: =SUM(F56:F58) -> 0 | G59: =SUM(G56:G58) -> 0
B60: HIJOS, HIJAS Y BEBÉS
D61: Colegiatura | G61: =+E61-F61 -> 0
D62: Mesada / Lonchera | G62: =+E62-F62 -> 0
D63: Entrada a clases / Útiles / Uniformes | G63: =+E63-F63 -> 0
D64: Entretenimiento / Ropa / Cumpleaños | G64: =+E64-F64 -> 0
D65: Clases extras: Idiomas / Deportes / Artes | G65: =+E65-F65 -> 0
D66: Doctor / Medicinas / Vitaminas / Vacunas | G66: =+E66-F66 -> 0
D67: Bebé: Leche / Pañales / Toallitas, etc. | G67: =+E67-F67 -> 0
D68: Otros | G68: =+E68-F68 -> 0
D69: Otros | G69: =+E69-F69 -> 0
D70: Otros | G70: =+E70-F70 -> 0
D71: TOTAL HIJOS | E71: =SUM(E61:E70) -> 0 | F71: =SUM(F61:F70) -> 0 | G71: =SUM(G61:G70) -> 0
B72: DÍA A DÍA
D73: Educación / Clases de | G73: =+E73-F73 -> 0
D74: Mascotas | G74: =+E74-F74 -> 0
D75: Salón de belleza | G75: =+E75-F75 -> 0
D76: Recargas celular | G76: =+E76-F76 -> 0
D77: Caridad / Diezmo / Ayuda a familiar | G77: =+E77-F77 -> 0
D78: Compra de ropa / Zapatos / Maquillaje | G78: =+E78-F78 -> 0
D79: Dinero extra / Gastos hormiga | G79: =+E79-F79 -> 0
D80: Otros | G80: =+E80-F80 -> 0
D81: TOTAL DÍA A DÍA | E81: =SUM(E73:E80) -> 0 | F81: =SUM(F73:F80) -> 0 | G81: =SUM(G73:G80) -> 0
B82: SEGUROS
D83: Auto | G83: =+E83-F83 -> 0
D84: Casa | G84: =+E84-F84 -> 0
D85: Vida / Salud / Accidentes | G85: =+E85-F85 -> 0
D86: Otros | G86: =+E86-F86 -> 0
D87: TOTAL SEGUROS | E87: =SUM(E83:E86) -> 0 | F87: =SUM(F83:F86) -> 0 | G87: =SUM(G83:G86) -> 0
B88: MEMBRESÍAS Y SUSCRIPCIONES
D89: Plan de celular | G89: =+E89-F89 -> 0
D90: Gimnasio / Club | G90: =+E90-F90 -> 0
D91: Netflix / Spotify / Otros | G91: =+E91-F91 -> 0
D92: Otros | G92: =+E92-F92 -> 0
D93: TOTAL MEMBRESÍAS Y SUSCRIPCIONES | E93: =SUM(E89:E92) -> 0 | F93: =SUM(F89:F92) -> 0 | G93: =SUM(G89:G92) -> 0
B94: ENTRETENIMIENTO
D95: Bares / Discos / Conciertos | G95: =+E95-F95 -> 0
D96: Libros / Cine / Juegos en línea | G96: =+E96-F96 -> 0
D97: Comidas fuera / Cafés | G97: =+E97-F97 -> 0
D98: Hobby | G98: =+E98-F98 -> 0
D99: Otros: Regalos / Celebraciones | G99: =+E99-F99 -> 0
D100: Viajes / Vacaciones | G100: =+E100-F100 -> 0
D101: TOTAL ENTRETENIMIENTO | E101: =SUM(E95:E100) -> 0 | F101: =SUM(F95:F100) -> 0 | G101: =SUM(G95:G100) -> 0
D104: TOTAL GASTOS | E104: =+E22+E41+E54+E59+E71+E81+E87+E93+E101+E35 -> 0 | F104: =+F22+F41+F54+F59+F71+F81+F87+F93+F101+F35 -> 0 | G104: =+G22+G41+G54+G59+G71+G81+G87+G93+G101+G35 -> 0
D106: TOTAL INGRESOS - GASTOS | E106: =+E15-E104 -> 0 | F106: =+F15-F104 -> 0

Sheet Marzo
G2: El mes pasado me excedí en:
G3: =Febrero!F106 -> 0
B5: PRESUPUESTO PARA FAMILIAS
E7: PRESUPUESTADO | F7: REAL | G7: DIFERENCIA | H7: MEDIO DE PAGO
B8: INGRESOS | D8: Salario mensual | G8: =+E8-F8 -> 0 | H8: Depósito a cuenta
D9: Comisiones /Bonos / Viáticos | G9: =+E9-F9 -> 0
D10: Aguinaldo | G10: =+E10-F10 -> 0
D11: Retiro cuentas de ahorro / Intereses ganados | G11: =+E11-F11 -> 0
D12: Préstamos pedidos | G12: =+E12-F12 -> 0
D13: Negocios personales | G13: =+E13-F13 -> 0
D14: Otros | G14: =+E14-F14 -> 0
B15: TOTAL INGRESOS | E15: =SUM(E8:E14) -> 0 | F15: =SUM(F8:F14) -> 0 | G15: =SUM(G8:G14) -> 0 | H15: =SUM(H8:H13) -> 0
B16: AHORRO
D18: Fondo de emergencia | G18: =+E18-F18 -> 0
D19: Plan de retiro | G19: =+E19-F19 -> 0
D20: Metas | G20: =+E20-F20 -> 0
D21: Inversiones | G21: =+E21-F21 -> 0
D22: TOTAL AHORRO | E22: =SUM(E18:E21) -> 0 | F22: =SUM(F18:F21) -> 0 | G22: =SUM(G18:G21) -> 0
B23: HOGAR Y SERVICIOS BÁSICOS
D24: Renta | G24: =+E24-F24 -> 0
D25: Electricidad | G25: =+E25-F25 -> 0
D26: Agua | G26: =+E26-F26 -> 0
D27: Cable / Internet / Teléfono | G27: =+E27-F27 -> 0
D28: Gas / Basura | G28: =+E28-F28 -> 0
D29: Compras en el supermercado | G29: =+E29-F29 -> 0
D30: Empleados / Jardinería | G30: =+E30-F30 -> 0
D31: Lavandería / Dry Cleaning / Planchada | G31: =+E31-F31 -> 0
D32: Vigilancia | G32: =+E32-F32 -> 0
D33: Mantenimiento / Mejoras
D34: Compra de aparatos / Mobiliario | G34: =+E34-F34 -> 0
D35: TOTAL HOGAR Y SERVICIOS BÁSICOS | E35: =SUM(E24:E34) -> 0 | F35: =SUM(F24:F34) -> 0 | G35: =SUM(G24:G34) -> 0
B36: AUTO / TRANSPORTE
D37: Combustible | G37: =+E37-F37 -> 0
D38: Mantenimiento / Reparaciones | G38: =+E38-F38 -> 0
D39: Transporte | G39: =+E39-F39 -> 0
D40: Otros (Lavado / Inspecciones / Llantas) | G40: =+E40-F40 -> 0
D41: TOTAL AUTO / TRANSPORTE | E41: =SUM(E37:E40) -> 0 | F41: =SUM(F37:F40) -> 0 | G41: =SUM(G37:G40) -> 0
B42: PAGO DE DEUDAS
D43: Crédito hipotecario
D44: Crédito automotriz | G44: =+E44-F44 -> 0
D45: Extrafinanciamiento | G45: =+E45-F45 -> 0
D46: Préstamo personal | G46: =+E46-F46 -> 0
D47: Tarjeta de crédito 1 | G47: =+E47-F47 -> 0
D48: Tarjeta de crédito 2 | G48: =+E48-F48 -> 0
D49: Tarjeta de crédito 3 | G49: =+E49-F49 -> 0
D50: Casa comercial | G50: =+E50-F50 -> 0
D51: Financiera | G51: =+E51-F51 -> 0
D52: Prestamista | G52: =+E52-F52 -> 0
D53: Otros | G53: =+E53-F53 -> 0
D54: TOTAL PAGO DE DEUDAS | E54: =SUM(E43:E53) -> 0 | F54: =SUM(F43:F53) -> 0 | G54: =SUM(G43:G53) -> 0
B55: GASTOS MÉDICOS
D56: Doctor 1 | G56: =+E56-F56 -> 0
D57: Doctor 2 | G57: =+E57-F57 -> 0
D58: Hospital / Exámenes / Medicamentos | G58: =+E58-F58 -> 0
D59: TOTAL GASTOS MÉDICOS | E59: =SUM(E56:E58) -> 0 | F59: =SUM(F56:F58) -> 0 | G59: =SUM(G56:G58) -> 0
B60: HIJOS, HIJAS Y BEBÉS
D61: Colegiatura | G61: =+E61-F61 -> 0
D62: Mesada / Lonchera | G62: =+E62-F62 -> 0
D63: Entrada a clases / Útiles / Uniformes | G63: =+E63-F63 -> 0
D64: Entretenimiento / Ropa / Cumpleaños | G64: =+E64-F64 -> 0
D65: Clases extras: Idiomas / Deportes / Artes | G65: =+E65-F65 -> 0
D66: Doctor / Medicinas / Vitaminas / Vacunas | G66: =+E66-F66 -> 0
D67: Bebé: Leche / Pañales / Toallitas, etc. | G67: =+E67-F67 -> 0
D68: Otros | G68: =+E68-F68 -> 0
D69: Otros | G69: =+E69-F69 -> 0
D70: Otros | G70: =+E70-F70 -> 0
D71: TOTAL HIJOS | E71: =SUM(E61:E70) -> 0 | F71: =SUM(F61:F70) -> 0 | G71: =SUM(G61:G70) -> 0
B72: DÍA A DÍA
D73: Educación / Clases de | G73: =+E73-F73 -> 0
D74: Mascotas | G74: =+E74-F74 -> 0
D75: Salón de belleza | G75: =+E75-F75 -> 0
D76: Recargas celular | G76: =+E76-F76 -> 0
D77: Caridad / Diezmo / Ayuda a familiar | G77: =+E77-F77 -> 0
D78: Compra de ropa / Zapatos / Maquillaje | G78: =+E78-F78 -> 0
D79: Dinero extra / Gastos hormiga | G79: =+E79-F79 -> 0
D80: Otros | G80: =+E80-F80 -> 0
D81: TOTAL DÍA A DÍA | E81: =SUM(E73:E80) -> 0 | F81: =SUM(F73:F80) -> 0 | G81: =SUM(G73:G80) -> 0
B82: SEGUROS
D83: Auto | G83: =+E83-F83 -> 0
D84: Casa | G84: =+E84-F84 -> 0
D85: Vida / Salud / Accidentes | G85: =+E85-F85 -> 0
D86: Otros | G86: =+E86-F86 -> 0
D87: TOTAL SEGUROS | E87: =SUM(E83:E86) -> 0 | F87: =SUM(F83:F86) -> 0 | G87: =SUM(G83:G86) -> 0
B88: MEMBRESÍAS Y SUSCRIPCIONES
D89: Plan de celular | G89: =+E89-F89 -> 0
D90: Gimnasio / Club | G90: =+E90-F90 -> 0
D91: Netflix / Spotify / Otros | G91: =+E91-F91 -> 0
D92: Otros | G92: =+E92-F92 -> 0
D93: TOTAL MEMBRESÍAS Y SUSCRIPCIONES | E93: =SUM(E89:E92) -> 0 | F93: =SUM(F89:F92) -> 0 | G93: =SUM(G89:G92) -> 0
B94: ENTRETENIMIENTO
D95: Bares / Discos / Conciertos | G95: =+E95-F95 -> 0
D96: Libros / Cine / Juegos en línea | G96: =+E96-F96 -> 0
D97: Comidas fuera / Cafés | G97: =+E97-F97 -> 0
D98: Hobby | G98: =+E98-F98 -> 0
D99: Otros: Regalos / Celebraciones | G99: =+E99-F99 -> 0
D100: Viajes / Vacaciones | G100: =+E100-F100 -> 0
D101: TOTAL ENTRETENIMIENTO | E101: =SUM(E95:E100) -> 0 | F101: =SUM(F95:F100) -> 0 | G101: =SUM(G95:G100) -> 0
D104: TOTAL GASTOS | E104: =+E22+E41+E54+E59+E71+E81+E87+E93+E101+E35 -> 0 | F104: =+F22+F41+F54+F59+F71+F81+F87+F93+F101+F35 -> 0 | G104: =+G22+G41+G54+G59+G71+G81+G87+G93+G101+G35 -> 0
D106: TOTAL INGRESOS - GASTOS | E106: =+E15-E104 -> 0 | F106: =+F15-F104 -> 0

Sheet Abril
G2: El mes pasado me excedí en:
G3: =Marzo!F106 -> 0
B5: PRESUPUESTO PARA FAMILIAS
E7: PRESUPUESTADO | F7: REAL | G7: DIFERENCIA | H7: MEDIO DE PAGO
B8: INGRESOS | D8: Salario mensual | G8: =+E8-F8 -> 0 | H8: Depósito a cuenta
D9: Comisiones /Bonos / Viáticos | G9: =+E9-F9 -> 0
D10: Aguinaldo | G10: =+E10-F10 -> 0
D11: Retiro cuentas de ahorro / Intereses ganados | G11: =+E11-F11 -> 0
D12: Préstamos pedidos | G12: =+E12-F12 -> 0
D13: Negocios personales | G13: =+E13-F13 -> 0
D14: Otros | G14: =+E14-F14 -> 0
B15: TOTAL INGRESOS | E15: =SUM(E8:E14) -> 0 | F15: =SUM(F8:F14) -> 0 | G15: =SUM(G8:G14) -> 0 | H15: =SUM(H8:H13) -> 0
B16: AHORRO
D18: Fondo de emergencia | G18: =+E18-F18 -> 0
D19: Plan de retiro | G19: =+E19-F19 -> 0
D20: Metas | G20: =+E20-F20 -> 0
D21: Inversiones | G21: =+E21-F21 -> 0
D22: TOTAL AHORRO | E22: =SUM(E18:E21) -> 0 | F22: =SUM(F18:F21) -> 0 | G22: =SUM(G18:G21) -> 0
B23: HOGAR Y SERVICIOS BÁSICOS
D24: Renta | G24: =+E24-F24 -> 0
D25: Electricidad | G25: =+E25-F25 -> 0
D26: Agua | G26: =+E26-F26 -> 0
D27: Cable / Internet / Teléfono | G27: =+E27-F27 -> 0
D28: Gas / Basura | G28: =+E28-F28 -> 0
D29: Compras en el supermercado | G29: =+E29-F29 -> 0
D30: Empleados / Jardinería | G30: =+E30-F30 -> 0
D31: Lavandería / Dry Cleaning / Planchada | G31: =+E31-F31 -> 0
D32: Vigilancia | G32: =+E32-F32 -> 0
D33: Mantenimiento / Mejoras
D34: Compra de aparatos / Mobiliario | G34: =+E34-F34 -> 0
D35: TOTAL HOGAR Y SERVICIOS BÁSICOS | E35: =SUM(E24:E34) -> 0 | F35: =SUM(F24:F34) -> 0 | G35: =SUM(G24:G34) -> 0
B36: AUTO / TRANSPORTE
D37: Combustible | G37: =+E37-F37 -> 0
D38: Mantenimiento / Reparaciones | G38: =+E38-F38 -> 0
D39: Transporte | G39: =+E39-F39 -> 0
D40: Otros (Lavado / Inspecciones / Llantas) | G40: =+E40-F40 -> 0
D41: TOTAL AUTO / TRANSPORTE | E41: =SUM(E37:E40) -> 0 | F41: =SUM(F37:F40) -> 0 | G41: =SUM(G37:G40) -> 0
B42: PAGO DE DEUDAS
D43: Crédito hipotecario
D44: Crédito automotriz | G44: =+E44-F44 -> 0
D45: Extrafinanciamiento | G45: =+E45-F45 -> 0
D46: Préstamo personal | G46: =+E46-F46 -> 0
D47: Tarjeta de crédito 1 | G47: =+E47-F47 -> 0
D48: Tarjeta de crédito 2 | G48: =+E48-F48 -> 0
D49: Tarjeta de crédito 3 | G49: =+E49-F49 -> 0
D50: Casa comercial | G50: =+E50-F50 -> 0
D51: Financiera | G51: =+E51-F51 -> 0
D52: Prestamista | G52: =+E52-F52 -> 0
D53: Otros | G53: =+E53-F53 -> 0
D54: TOTAL PAGO DE DEUDAS | E54: =SUM(E43:E53) -> 0 | F54: =SUM(F43:F53) -> 0 | G54: =SUM(G43:G53) -> 0
B55: GASTOS MÉDICOS
D56: Doctor 1 | G56: =+E56-F56 -> 0
D57: Doctor 2 | G57: =+E57-F57 -> 0
D58: Hospital / Exámenes / Medicamentos | G58: =+E58-F58 -> 0
D59: TOTAL GASTOS MÉDICOS | E59: =SUM(E56:E58) -> 0 | F59: =SUM(F56:F58) -> 0 | G59: =SUM(G56:G58) -> 0
B60: HIJOS, HIJAS Y BEBÉS
D61: Colegiatura | G61: =+E61-F61 -> 0
D62: Mesada / Lonchera | G62: =+E62-F62 -> 0
D63: Entrada a clases / Útiles / Uniformes | G63: =+E63-F63 -> 0
D64: Entretenimiento / Ropa / Cumpleaños | G64: =+E64-F64 -> 0
D65: Clases extras: Idiomas / Deportes / Artes | G65: =+E65-F65 -> 0
D66: Doctor / Medicinas / Vitaminas / Vacunas | G66: =+E66-F66 -> 0
D67: Bebé: Leche / Pañales / Toallitas, etc. | G67: =+E67-F67 -> 0
D68: Otros | G68: =+E68-F68 -> 0
D69: Otros | G69: =+E69-F69 -> 0
D70: Otros | G70: =+E70-F70 -> 0
D71: TOTAL HIJOS | E71: =SUM(E61:E70) -> 0 | F71: =SUM(F61:F70) -> 0 | G71: =SUM(G61:G70) -> 0
B72: DÍA A DÍA
D73: Educación / Clases de | G73: =+E73-F73 -> 0
D74: Mascotas | G74: =+E74-F74 -> 0
D75: Salón de belleza | G75: =+E75-F75 -> 0
D76: Recargas celular | G76: =+E76-F76 -> 0
D77: Caridad / Diezmo / Ayuda a familiar | G77: =+E77-F77 -> 0
D78: Compra de ropa / Zapatos / Maquillaje | G78: =+E78-F78 -> 0
D79: Dinero extra / Gastos hormiga | G79: =+E79-F79 -> 0
D80: Otros | G80: =+E80-F80 -> 0
D81: TOTAL DÍA A DÍA | E81: =SUM(E73:E80) -> 0 | F81: =SUM(F73:F80) -> 0 | G81: =SUM(G73:G80) -> 0
B82: SEGUROS
D83: Auto | G83: =+E83-F83 -> 0
D84: Casa | G84: =+E84-F84 -> 0
D85: Vida / Salud / Accidentes | G85: =+E85-F85 -> 0
D86: Otros | G86: =+E86-F86 -> 0
D87: TOTAL SEGUROS | E87: =SUM(E83:E86) -> 0 | F87: =SUM(F83:F86) -> 0 | G87: =SUM(G83:G86) -> 0
B88: MEMBRESÍAS Y SUSCRIPCIONES
D89: Plan de celular | G89: =+E89-F89 -> 0
D90: Gimnasio / Club | G90: =+E90-F90 -> 0
D91: Netflix / Spotify / Otros | G91: =+E91-F91 -> 0
D92: Otros | G92: =+E92-F92 -> 0
D93: TOTAL MEMBRESÍAS Y SUSCRIPCIONES | E93: =SUM(E89:E92) -> 0 | F93: =SUM(F89:F92) -> 0 | G93: =SUM(G89:G92) -> 0
B94: ENTRETENIMIENTO
D95: Bares / Discos / Conciertos | G95: =+E95-F95 -> 0
D96: Libros / Cine / Juegos en línea | G96: =+E96-F96 -> 0
D97: Comidas fuera / Cafés | G97: =+E97-F97 -> 0
D98: Hobby | G98: =+E98-F98 -> 0
D99: Otros: Regalos / Celebraciones | G99: =+E99-F99 -> 0
D100: Viajes / Vacaciones | G100: =+E100-F100 -> 0
D101: TOTAL ENTRETENIMIENTO | E101: =SUM(E95:E100) -> 0 | F101: =SUM(F95:F100) -> 0 | G101: =SUM(G95:G100) -> 0
D104: TOTAL GASTOS | E104: =+E22+E41+E54+E59+E71+E81+E87+E93+E101+E35 -> 0 | F104: =+F22+F41+F54+F59+F71+F81+F87+F93+F101+F35 -> 0 | G104: =+G22+G41+G54+G59+G71+G81+G87+G93+G101+G35 -> 0
D106: TOTAL INGRESOS - GASTOS | E106: =+E15-E104 -> 0 | F106: =+F15-F104 -> 0

Sheet Mayo
G2: El mes pasado me excedí en:
G3: =Abril!F106 -> 0
B5: PRESUPUESTO PARA FAMILIAS
E7: PRESUPUESTADO | F7: REAL | G7: DIFERENCIA | H7: MEDIO DE PAGO
B8: INGRESOS | D8: Salario mensual | G8: =+E8-F8 -> 0 | H8: Depósito a cuenta
D9: Comisiones /Bonos / Viáticos | G9: =+E9-F9 -> 0
D10: Aguinaldo | G10: =+E10-F10 -> 0
D11: Retiro cuentas de ahorro / Intereses ganados | G11: =+E11-F11 -> 0
D12: Préstamos pedidos | G12: =+E12-F12 -> 0
D13: Negocios personales | G13: =+E13-F13 -> 0
D14: Otros | G14: =+E14-F14 -> 0
B15: TOTAL INGRESOS | E15: =SUM(E8:E14) -> 0 | F15: =SUM(F8:F14) -> 0 | G15: =SUM(G8:G14) -> 0 | H15: =SUM(H8:H13) -> 0
B16: AHORRO
D18: Fondo de emergencia | G18: =+E18-F18 -> 0
D19: Plan de retiro | G19: =+E19-F19 -> 0
D20: Metas | G20: =+E20-F20 -> 0
D21: Inversiones | G21: =+E21-F21 -> 0
D22: TOTAL AHORRO | E22: =SUM(E18:E21) -> 0 | F22: =SUM(F18:F21) -> 0 | G22: =SUM(G18:G21) -> 0
B23: HOGAR Y SERVICIOS BÁSICOS
D24: Renta | G24: =+E24-F24 -> 0
D25: Electricidad | G25: =+E25-F25 -> 0
D26: Agua | G26: =+E26-F26 -> 0
D27: Cable / Internet / Teléfono | G27: =+E27-F27 -> 0
D28: Gas / Basura | G28: =+E28-F28 -> 0
D29: Compras en el supermercado | G29: =+E29-F29 -> 0
D30: Empleados / Jardinería | G30: =+E30-F30 -> 0
D31: Lavandería / Dry Cleaning / Planchada | G31: =+E31-F31 -> 0
D32: Vigilancia | G32: =+E32-F32 -> 0
D33: Mantenimiento / Mejoras
D34: Compra de aparatos / Mobiliario | G34: =+E34-F34 -> 0
D35: TOTAL HOGAR Y SERVICIOS BÁSICOS | E35: =SUM(E24:E34) -> 0 | F35: =SUM(F24:F34) -> 0 | G35: =SUM(G24:G34) -> 0
B36: AUTO / TRANSPORTE
D37: Combustible | G37: =+E37-F37 -> 0
D38: Mantenimiento / Reparaciones | G38: =+E38-F38 -> 0
D39: Transporte | G39: =+E39-F39 -> 0
D40: Otros (Lavado / Inspecciones / Llantas) | G40: =+E40-F40 -> 0
D41: TOTAL AUTO / TRANSPORTE | E41: =SUM(E37:E40) -> 0 | F41: =SUM(F37:F40) -> 0 | G41: =SUM(G37:G40) -> 0
B42: PAGO DE DEUDAS
D43: Crédito hipotecario
D44: Crédito automotriz | G44: =+E44-F44 -> 0
D45: Extrafinanciamiento | G45: =+E45-F45 -> 0
D46: Préstamo personal | G46: =+E46-F46 -> 0
D47: Tarjeta de crédito 1 | G47: =+E47-F47 -> 0
D48: Tarjeta de crédito 2 | G48: =+E48-F48 -> 0
D49: Tarjeta de crédito 3 | G49: =+E49-F49 -> 0
D50: Casa comercial | G50: =+E50-F50 -> 0
D51: Financiera | G51: =+E51-F51 -> 0
D52: Prestamista | G52: =+E52-F52 -> 0
D53: Otros | G53: =+E53-F53 -> 0
D54: TOTAL PAGO DE DEUDAS | E54: =SUM(E43:E53) -> 0 | F54: =SUM(F43:F53) -> 0 | G54: =SUM(G43:G53) -> 0
B55: GASTOS MÉDICOS
D56: Doctor 1 | G56: =+E56-F56 -> 0
D57: Doctor 2 | G57: =+E57-F57 -> 0
D58: Hospital / Exámenes / Medicamentos | G58: =+E58-F58 -> 0
D59: TOTAL GASTOS MÉDICOS | E59: =SUM(E56:E58) -> 0 | F59: =SUM(F56:F58) -> 0 | G59: =SUM(G56:G58) -> 0
B60: HIJOS, HIJAS Y BEBÉS
D61: Colegiatura | G61: =+E61-F61 -> 0
D62: Mesada / Lonchera | G62: =+E62-F62 -> 0
D63: Entrada a clases / Útiles / Uniformes | G63: =+E63-F63 -> 0
D64: Entretenimiento / Ropa / Cumpleaños | G64: =+E64-F64 -> 0
D65: Clases extras: Idiomas / Deportes / Artes | G65: =+E65-F65 -> 0
D66: Doctor / Medicinas / Vitaminas / Vacunas | G66: =+E66-F66 -> 0
D67: Bebé: Leche / Pañales / Toallitas, etc. | G67: =+E67-F67 -> 0
D68: Otros | G68: =+E68-F68 -> 0
D69: Otros | G69: =+E69-F69 -> 0
D70: Otros | G70: =+E70-F70 -> 0
D71: TOTAL HIJOS | E71: =SUM(E61:E70) -> 0 | F71: =SUM(F61:F70) -> 0 | G71: =SUM(G61:G70) -> 0
B72: DÍA A DÍA
D73: Educación / Clases de | G73: =+E73-F73 -> 0
D74: Mascotas | G74: =+E74-F74 -> 0
D75: Salón de belleza | G75: =+E75-F75 -> 0
D76: Recargas celular | G76: =+E76-F76 -> 0
D77: Caridad / Diezmo / Ayuda a familiar | G77: =+E77-F77 -> 0
D78: Compra de ropa / Zapatos / Maquillaje | G78: =+E78-F78 -> 0
D79: Dinero extra / Gastos hormiga | G79: =+E79-F79 -> 0
D80: Otros | G80: =+E80-F80 -> 0
D81: TOTAL DÍA A DÍA | E81: =SUM(E73:E80) -> 0 | F81: =SUM(F73:F80) -> 0 | G81: =SUM(G73:G80) -> 0
B82: SEGUROS
D83: Auto | G83: =+E83-F83 -> 0
D84: Casa | G84: =+E84-F84 -> 0
D85: Vida / Salud / Accidentes | G85: =+E85-F85 -> 0
D86: Otros | G86: =+E86-F86 -> 0
D87: TOTAL SEGUROS | E87: =SUM(E83:E86) -> 0 | F87: =SUM(F83:F86) -> 0 | G87: =SUM(G83:G86) -> 0
B88: MEMBRESÍAS Y SUSCRIPCIONES
D89: Plan de celular | G89: =+E89-F89 -> 0
D90: Gimnasio / Club | G90: =+E90-F90 -> 0
D91: Netflix / Spotify / Otros | G91: =+E91-F91 -> 0
D92: Otros | G92: =+E92-F92 -> 0
D93: TOTAL MEMBRESÍAS Y SUSCRIPCIONES | E93: =SUM(E89:E92) -> 0 | F93: =SUM(F89:F92) -> 0 | G93: =SUM(G89:G92) -> 0
B94: ENTRETENIMIENTO
D95: Bares / Discos / Conciertos | G95: =+E95-F95 -> 0
D96: Libros / Cine / Juegos en línea | G96: =+E96-F96 -> 0
D97: Comidas fuera / Cafés | G97: =+E97-F97 -> 0
D98: Hobby | G98: =+E98-F98 -> 0
D99: Otros: Regalos / Celebraciones | G99: =+E99-F99 -> 0
D100: Viajes / Vacaciones | G100: =+E100-F100 -> 0
D101: TOTAL ENTRETENIMIENTO | E101: =SUM(E95:E100) -> 0 | F101: =SUM(F95:F100) -> 0 | G101: =SUM(G95:G100) -> 0
D104: TOTAL GASTOS | E104: =+E22+E41+E54+E59+E71+E81+E87+E93+E101+E35 -> 0 | F104: =+F22+F41+F54+F59+F71+F81+F87+F93+F101+F35 -> 0 | G104: =+G22+G41+G54+G59+G71+G81+G87+G93+G101+G35 -> 0
D106: TOTAL INGRESOS - GASTOS | E106: =+E15-E104 -> 0 | F106: =+F15-F104 -> 0

Sheet Junio
G2: El mes pasado me excedí en:
G3: =Mayo!F106 -> 0
B5: PRESUPUESTO PARA FAMILIAS
E7: PRESUPUESTADO | F7: REAL | G7: DIFERENCIA | H7: MEDIO DE PAGO
B8: INGRESOS | D8: Salario mensual | G8: =+E8-F8 -> 0 | H8: Depósito a cuenta
D9: Comisiones /Bonos / Viáticos | G9: =+E9-F9 -> 0
D10: Aguinaldo | G10: =+E10-F10 -> 0
D11: Retiro cuentas de ahorro / Intereses ganados | G11: =+E11-F11 -> 0
D12: Préstamos pedidos | G12: =+E12-F12 -> 0
D13: Negocios personales | G13: =+E13-F13 -> 0
D14: Otros | G14: =+E14-F14 -> 0
B15: TOTAL INGRESOS | E15: =SUM(E8:E14) -> 0 | F15: =SUM(F8:F14) -> 0 | G15: =SUM(G8:G14) -> 0 | H15: =SUM(H8:H13) -> 0
B16: AHORRO
D18: Fondo de emergencia | G18: =+E18-F18 -> 0
D19: Plan de retiro | G19: =+E19-F19 -> 0
D20: Metas | G20: =+E20-F20 -> 0
D21: Inversiones | G21: =+E21-F21 -> 0
D22: TOTAL AHORRO | E22: =SUM(E18:E21) -> 0 | F22: =SUM(F18:F21) -> 0 | G22: =SUM(G18:G21) -> 0
B23: HOGAR Y SERVICIOS BÁSICOS
D24: Renta | G24: =+E24-F24 -> 0
D25: Electricidad | G25: =+E25-F25 -> 0
D26: Agua | G26: =+E26-F26 -> 0
D27: Cable / Internet / Teléfono | G27: =+E27-F27 -> 0
D28: Gas / Basura | G28: =+E28-F28 -> 0
D29: Compras en el supermercado | G29: =+E29-F29 -> 0
D30: Empleados / Jardinería | G30: =+E30-F30 -> 0
D31: Lavandería / Dry Cleaning / Planchada | G31: =+E31-F31 -> 0
D32: Vigilancia | G32: =+E32-F32 -> 0
D33: Mantenimiento / Mejoras
D34: Compra de aparatos / Mobiliario | G34: =+E34-F34 -> 0
D35: TOTAL HOGAR Y SERVICIOS BÁSICOS | E35: =SUM(E24:E34) -> 0 | F35: =SUM(F24:F34) -> 0 | G35: =SUM(G24:G34) -> 0
B36: AUTO / TRANSPORTE
D37: Combustible | G37: =+E37-F37 -> 0
D38: Mantenimiento / Reparaciones | G38: =+E38-F38 -> 0
D39: Transporte | G39: =+E39-F39 -> 0
D40: Otros (Lavado / Inspecciones / Llantas) | G40: =+E40-F40 -> 0
D41: TOTAL AUTO / TRANSPORTE | E41: =SUM(E37:E40) -> 0 | F41: =SUM(F37:F40) -> 0 | G41: =SUM(G37:G40) -> 0
B42: PAGO DE DEUDAS
D43: Crédito hipotecario
D44: Crédito automotriz | G44: =+E44-F44 -> 0
D45: Extrafinanciamiento | G45: =+E45-F45 -> 0
D46: Préstamo personal | G46: =+E46-F46 -> 0
D47: Tarjeta de crédito 1 | G47: =+E47-F47 -> 0
D48: Tarjeta de crédito 2 | G48: =+E48-F48 -> 0
D49: Tarjeta de crédito 3 | G49: =+E49-F49 -> 0
D50: Casa comercial | G50: =+E50-F50 -> 0
D51: Financiera | G51: =+E51-F51 -> 0
D52: Prestamista | G52: =+E52-F52 -> 0
D53: Otros | G53: =+E53-F53 -> 0
D54: TOTAL PAGO DE DEUDAS | E54: =SUM(E43:E53) -> 0 | F54: =SUM(F43:F53) -> 0 | G54: =SUM(G43:G53) -> 0
B55: GASTOS MÉDICOS
D56: Doctor 1 | G56: =+E56-F56 -> 0
D57: Doctor 2 | G57: =+E57-F57 -> 0
D58: Hospital / Exámenes / Medicamentos | G58: =+E58-F58 -> 0
D59: TOTAL GASTOS MÉDICOS | E59: =SUM(E56:E58) -> 0 | F59: =SUM(F56:F58) -> 0 | G59: =SUM(G56:G58) -> 0
B60: HIJOS, HIJAS Y BEBÉS
D61: Colegiatura | G61: =+E61-F61 -> 0
D62: Mesada / Lonchera | G62: =+E62-F62 -> 0
D63: Entrada a clases / Útiles / Uniformes | G63: =+E63-F63 -> 0
D64: Entretenimiento / Ropa / Cumpleaños | G64: =+E64-F64 -> 0
D65: Clases extras: Idiomas / Deportes / Artes | G65: =+E65-F65 -> 0
D66: Doctor / Medicinas / Vitaminas / Vacunas | G66: =+E66-F66 -> 0
D67: Bebé: Leche / Pañales / Toallitas, etc. | G67: =+E67-F67 -> 0
D68: Otros | G68: =+E68-F68 -> 0
D69: Otros | G69: =+E69-F69 -> 0
D70: Otros | G70: =+E70-F70 -> 0
D71: TOTAL HIJOS | E71: =SUM(E61:E70) -> 0 | F71: =SUM(F61:F70) -> 0 | G71: =SUM(G61:G70) -> 0
B72: DÍA A DÍA
D73: Educación / Clases de | G73: =+E73-F73 -> 0
D74: Mascotas | G74: =+E74-F74 -> 0
D75: Salón de belleza | G75: =+E75-F75 -> 0
D76: Recargas celular | G76: =+E76-F76 -> 0
D77: Caridad / Diezmo / Ayuda a familiar | G77: =+E77-F77 -> 0
D78: Compra de ropa / Zapatos / Maquillaje | G78: =+E78-F78 -> 0
D79: Dinero extra / Gastos hormiga | G79: =+E79-F79 -> 0
D80: Otros | G80: =+E80-F80 -> 0
D81: TOTAL DÍA A DÍA | E81: =SUM(E73:E80) -> 0 | F81: =SUM(F73:F80) -> 0 | G81: =SUM(G73:G80) -> 0
B82: SEGUROS
D83: Auto | G83: =+E83-F83 -> 0
D84: Casa | G84: =+E84-F84 -> 0
D85: Vida / Salud / Accidentes | G85: =+E85-F85 -> 0
D86: Otros | G86: =+E86-F86 -> 0
D87: TOTAL SEGUROS | E87: =SUM(E83:E86) -> 0 | F87: =SUM(F83:F86) -> 0 | G87: =SUM(G83:G86) -> 0
B88: MEMBRESÍAS Y SUSCRIPCIONES
D89: Plan de celular | G89: =+E89-F89 -> 0
D90: Gimnasio / Club | G90: =+E90-F90 -> 0
D91: Netflix / Spotify / Otros | G91: =+E91-F91 -> 0
D92: Otros | G92: =+E92-F92 -> 0
D93: TOTAL MEMBRESÍAS Y SUSCRIPCIONES | E93: =SUM(E89:E92) -> 0 | F93: =SUM(F89:F92) -> 0 | G93: =SUM(G89:G92) -> 0
B94: ENTRETENIMIENTO
D95: Bares / Discos / Conciertos | G95: =+E95-F95 -> 0
D96: Libros / Cine / Juegos en línea | G96: =+E96-F96 -> 0
D97: Comidas fuera / Cafés | G97: =+E97-F97 -> 0
D98: Hobby | G98: =+E98-F98 -> 0
D99: Otros: Regalos / Celebraciones | G99: =+E99-F99 -> 0
D100: Viajes / Vacaciones | G100: =+E100-F100 -> 0
D101: TOTAL ENTRETENIMIENTO | E101: =SUM(E95:E100) -> 0 | F101: =SUM(F95:F100) -> 0 | G101: =SUM(G95:G100) -> 0
D104: TOTAL GASTOS | E104: =+E22+E41+E54+E59+E71+E81+E87+E93+E101+E35 -> 0 | F104: =+F22+F41+F54+F59+F71+F81+F87+F93+F101+F35 -> 0 | G104: =+G22+G41+G54+G59+G71+G81+G87+G93+G101+G35 -> 0
D106: TOTAL INGRESOS - GASTOS | E106: =+E15-E104 -> 0 | F106: =+F15-F104 -> 0

Sheet Julio
G2: El mes pasado me excedí en:
G3: =Junio!F106 -> 0
B5: PRESUPUESTO PARA FAMILIAS
E7: PRESUPUESTADO | F7: REAL | G7: DIFERENCIA | H7: MEDIO DE PAGO
B8: INGRESOS | D8: Salario mensual | G8: =+E8-F8 -> 0 | H8: Depósito a cuenta
D9: Comisiones /Bonos / Viáticos | G9: =+E9-F9 -> 0
D10: Aguinaldo | G10: =+E10-F10 -> 0
D11: Retiro cuentas de ahorro / Intereses ganados | G11: =+E11-F11 -> 0
D12: Préstamos pedidos | G12: =+E12-F12 -> 0
D13: Negocios personales | G13: =+E13-F13 -> 0
D14: Otros | G14: =+E14-F14 -> 0
B15: TOTAL INGRESOS | E15: =SUM(E8:E14) -> 0 | F15: =SUM(F8:F14) -> 0 | G15: =SUM(G8:G14) -> 0 | H15: =SUM(H8:H13) -> 0
B16: AHORRO
D18: Fondo de emergencia | G18: =+E18-F18 -> 0
D19: Plan de retiro | G19: =+E19-F19 -> 0
D20: Metas | G20: =+E20-F20 -> 0
D21: Inversiones | G21: =+E21-F21 -> 0
D22: TOTAL AHORRO | E22: =SUM(E18:E21) -> 0 | F22: =SUM(F18:F21) -> 0 | G22: =SUM(G18:G21) -> 0
B23: HOGAR Y SERVICIOS BÁSICOS
D24: Renta | G24: =+E24-F24 -> 0
D25: Electricidad | G25: =+E25-F25 -> 0
D26: Agua | G26: =+E26-F26 -> 0
D27: Cable / Internet / Teléfono | G27: =+E27-F27 -> 0
D28: Gas / Basura | G28: =+E28-F28 -> 0
D29: Compras en el supermercado | G29: =+E29-F29 -> 0
D30: Empleados / Jardinería | G30: =+E30-F30 -> 0
D31: Lavandería / Dry Cleaning / Planchada | G31: =+E31-F31 -> 0
D32: Vigilancia | G32: =+E32-F32 -> 0
D33: Mantenimiento / Mejoras
D34: Compra de aparatos / Mobiliario | G34: =+E34-F34 -> 0
D35: TOTAL HOGAR Y SERVICIOS BÁSICOS | E35: =SUM(E24:E34) -> 0 | F35: =SUM(F24:F34) -> 0 | G35: =SUM(G24:G34) -> 0
B36: AUTO / TRANSPORTE
D37: Combustible | G37: =+E37-F37 -> 0
D38: Mantenimiento / Reparaciones | G38: =+E38-F38 -> 0
D39: Transporte | G39: =+E39-F39 -> 0
D40: Otros (Lavado / Inspecciones / Llantas) | G40: =+E40-F40 -> 0
D41: TOTAL AUTO / TRANSPORTE | E41: =SUM(E37:E40) -> 0 | F41: =SUM(F37:F40) -> 0 | G41: =SUM(G37:G40) -> 0
B42: PAGO DE DEUDAS
D43: Crédito hipotecario
D44: Crédito automotriz | G44: =+E44-F44 -> 0
D45: Extrafinanciamiento | G45: =+E45-F45 -> 0
D46: Préstamo personal | G46: =+E46-F46 -> 0
D47: Tarjeta de crédito 1 | G47: =+E47-F47 -> 0
D48: Tarjeta de crédito 2 | G48: =+E48-F48 -> 0
D49: Tarjeta de crédito 3 | G49: =+E49-F49 -> 0
D50: Casa comercial | G50: =+E50-F50 -> 0
D51: Financiera | G51: =+E51-F51 -> 0
D52: Prestamista | G52: =+E52-F52 -> 0
D53: Otros | G53: =+E53-F53 -> 0
D54: TOTAL PAGO DE DEUDAS | E54: =SUM(E43:E53) -> 0 | F54: =SUM(F43:F53) -> 0 | G54: =SUM(G43:G53) -> 0
B55: GASTOS MÉDICOS
D56: Doctor 1 | G56: =+E56-F56 -> 0
D57: Doctor 2 | G57: =+E57-F57 -> 0
D58: Hospital / Exámenes / Medicamentos | G58: =+E58-F58 -> 0
D59: TOTAL GASTOS MÉDICOS | E59: =SUM(E56:E58) -> 0 | F59: =SUM(F56:F58) -> 0 | G59: =SUM(G56:G58) -> 0
B60: HIJOS, HIJAS Y BEBÉS
D61: Colegiatura | G61: =+E61-F61 -> 0
D62: Mesada / Lonchera | G62: =+E62-F62 -> 0
D63: Entrada a clases / Útiles / Uniformes | G63: =+E63-F63 -> 0
D64: Entretenimiento / Ropa / Cumpleaños | G64: =+E64-F64 -> 0
D65: Clases extras: Idiomas / Deportes / Artes | G65: =+E65-F65 -> 0
D66: Doctor / Medicinas / Vitaminas / Vacunas | G66: =+E66-F66 -> 0
D67: Bebé: Leche / Pañales / Toallitas, etc. | G67: =+E67-F67 -> 0
D68: Otros | G68: =+E68-F68 -> 0
D69: Otros | G69: =+E69-F69 -> 0
D70: Otros | G70: =+E70-F70 -> 0
D71: TOTAL HIJOS | E71: =SUM(E61:E70) -> 0 | F71: =SUM(F61:F70) -> 0 | G71: =SUM(G61:G70) -> 0
B72: DÍA A DÍA
D73: Educación / Clases de | G73: =+E73-F73 -> 0
D74: Mascotas | G74: =+E74-F74 -> 0
D75: Salón de belleza | G75: =+E75-F75 -> 0
D76: Recargas celular | G76: =+E76-F76 -> 0
D77: Caridad / Diezmo / Ayuda a familiar | G77: =+E77-F77 -> 0
D78: Compra de ropa / Zapatos / Maquillaje | G78: =+E78-F78 -> 0
D79: Dinero extra / Gastos hormiga | G79: =+E79-F79 -> 0
D80: Otros | G80: =+E80-F80 -> 0
D81: TOTAL DÍA A DÍA | E81: =SUM(E73:E80) -> 0 | F81: =SUM(F73:F80) -> 0 | G81: =SUM(G73:G80) -> 0
B82: SEGUROS
D83: Auto | G83: =+E83-F83 -> 0
D84: Casa | G84: =+E84-F84 -> 0
D85: Vida / Salud / Accidentes | G85: =+E85-F85 -> 0
D86: Otros | G86: =+E86-F86 -> 0
D87: TOTAL SEGUROS | E87: =SUM(E83:E86) -> 0 | F87: =SUM(F83:F86) -> 0 | G87: =SUM(G83:G86) -> 0
B88: MEMBRESÍAS Y SUSCRIPCIONES
D89: Plan de celular | G89: =+E89-F89 -> 0
D90: Gimnasio / Club | G90: =+E90-F90 -> 0
D91: Netflix / Spotify / Otros | G91: =+E91-F91 -> 0
D92: Otros | G92: =+E92-F92 -> 0
D93: TOTAL MEMBRESÍAS Y SUSCRIPCIONES | E93: =SUM(E89:E92) -> 0 | F93: =SUM(F89:F92) -> 0 | G93: =SUM(G89:G92) -> 0
B94: ENTRETENIMIENTO
D95: Bares / Discos / Conciertos | G95: =+E95-F95 -> 0
D96: Libros / Cine / Juegos en línea | G96: =+E96-F96 -> 0
D97: Comidas fuera / Cafés | G97: =+E97-F97 -> 0
D98: Hobby | G98: =+E98-F98 -> 0
D99: Otros: Regalos / Celebraciones | G99: =+E99-F99 -> 0
D100: Viajes / Vacaciones | G100: =+E100-F100 -> 0
D101: TOTAL ENTRETENIMIENTO | E101: =SUM(E95:E100) -> 0 | F101: =SUM(F95:F100) -> 0 | G101: =SUM(G95:G100) -> 0
D104: TOTAL GASTOS | E104: =+E22+E41+E54+E59+E71+E81+E87+E93+E101+E35 -> 0 | F104: =+F22+F41+F54+F59+F71+F81+F87+F93+F101+F35 -> 0 | G104: =+G22+G41+G54+G59+G71+G81+G87+G93+G101+G35 -> 0
D106: TOTAL INGRESOS - GASTOS | E106: =+E15-E104 -> 0 | F106: =+F15-F104 -> 0

Sheet Agosto
G2: El mes pasado me excedí en:
G3: =Julio!F106 -> 0
B5: PRESUPUESTO PARA FAMILIAS
E7: PRESUPUESTADO | F7: REAL | G7: DIFERENCIA | H7: MEDIO DE PAGO
B8: INGRESOS | D8: Salario mensual | G8: =+E8-F8 -> 0 | H8: Depósito a cuenta
D9: Comisiones /Bonos / Viáticos | G9: =+E9-F9 -> 0
D10: Aguinaldo | G10: =+E10-F10 -> 0
D11: Retiro cuentas de ahorro / Intereses ganados | G11: =+E11-F11 -> 0
D12: Préstamos pedidos | G12: =+E12-F12 -> 0
D13: Negocios personales | G13: =+E13-F13 -> 0
D14: Otros | G14: =+E14-F14 -> 0
B15: TOTAL INGRESOS | E15: =SUM(E8:E14) -> 0 | F15: =SUM(F8:F14) -> 0 | G15: =SUM(G8:G14) -> 0 | H15: =SUM(H8:H13) -> 0
B16: AHORRO
D18: Fondo de emergencia | G18: =+E18-F18 -> 0
D19: Plan de retiro | G19: =+E19-F19 -> 0
D20: Metas | G20: =+E20-F20 -> 0
D21: Inversiones | G21: =+E21-F21 -> 0
D22: TOTAL AHORRO | E22: =SUM(E18:E21) -> 0 | F22: =SUM(F18:F21) -> 0 | G22: =SUM(G18:G21) -> 0
B23: HOGAR Y SERVICIOS BÁSICOS
D24: Renta | G24: =+E24-F24 -> 0
D25: Electricidad | G25: =+E25-F25 -> 0
D26: Agua | G26: =+E26-F26 -> 0
D27: Cable / Internet / Teléfono | G27: =+E27-F27 -> 0
D28: Gas / Basura | G28: =+E28-F28 -> 0
D29: Compras en el supermercado | G29: =+E29-F29 -> 0
D30: Empleados / Jardinería | G30: =+E30-F30 -> 0
D31: Lavandería / Dry Cleaning / Planchada | G31: =+E31-F31 -> 0
D32: Vigilancia | G32: =+E32-F32 -> 0
D33: Mantenimiento / Mejoras
D34: Compra de aparatos / Mobiliario | G34: =+E34-F34 -> 0
D35: TOTAL HOGAR Y SERVICIOS BÁSICOS | E35: =SUM(E24:E34) -> 0 | F35: =SUM(F24:F34) -> 0 | G35: =SUM(G24:G34) -> 0
B36: AUTO / TRANSPORTE
D37: Combustible | G37: =+E37-F37 -> 0
D38: Mantenimiento / Reparaciones | G38: =+E38-F38 -> 0
D39: Transporte | G39: =+E39-F39 -> 0
D40: Otros (Lavado / Inspecciones / Llantas) | G40: =+E40-F40 -> 0
D41: TOTAL AUTO / TRANSPORTE | E41: =SUM(E37:E40) -> 0 | F41: =SUM(F37:F40) -> 0 | G41: =SUM(G37:G40) -> 0
B42: PAGO DE DEUDAS
D43: Crédito hipotecario
D44: Crédito automotriz | G44: =+E44-F44 -> 0
D45: Extrafinanciamiento | G45: =+E45-F45 -> 0
D46: Préstamo personal | G46: =+E46-F46 -> 0
D47: Tarjeta de crédito 1 | G47: =+E47-F47 -> 0
D48: Tarjeta de crédito 2 | G48: =+E48-F48 -> 0
D49: Tarjeta de crédito 3 | G49: =+E49-F49 -> 0
D50: Casa comercial | G50: =+E50-F50 -> 0
D51: Financiera | G51: =+E51-F51 -> 0
D52: Prestamista | G52: =+E52-F52 -> 0
D53: Otros | G53: =+E53-F53 -> 0
D54: TOTAL PAGO DE DEUDAS | E54: =SUM(E43:E53) -> 0 | F54: =SUM(F43:F53) -> 0 | G54: =SUM(G43:G53) -> 0
B55: GASTOS MÉDICOS
D56: Doctor 1 | G56: =+E56-F56 -> 0
D57: Doctor 2 | G57: =+E57-F57 -> 0
D58: Hospital / Exámenes / Medicamentos | G58: =+E58-F58 -> 0
D59: TOTAL GASTOS MÉDICOS | E59: =SUM(E56:E58) -> 0 | F59: =SUM(F56:F58) -> 0 | G59: =SUM(G56:G58) -> 0
B60: HIJOS, HIJAS Y BEBÉS
D61: Colegiatura | G61: =+E61-F61 -> 0
D62: Mesada / Lonchera | G62: =+E62-F62 -> 0
D63: Entrada a clases / Útiles / Uniformes | G63: =+E63-F63 -> 0
D64: Entretenimiento / Ropa / Cumpleaños | G64: =+E64-F64 -> 0
D65: Clases extras: Idiomas / Deportes / Artes | G65: =+E65-F65 -> 0
D66: Doctor / Medicinas / Vitaminas / Vacunas | G66: =+E66-F66 -> 0
D67: Bebé: Leche / Pañales / Toallitas, etc. | G67: =+E67-F67 -> 0
D68: Otros | G68: =+E68-F68 -> 0
D69: Otros | G69: =+E69-F69 -> 0
D70: Otros | G70: =+E70-F70 -> 0
D71: TOTAL HIJOS | E71: =SUM(E61:E70) -> 0 | F71: =SUM(F61:F70) -> 0 | G71: =SUM(G61:G70) -> 0
B72: DÍA A DÍA
D73: Educación / Clases de | G73: =+E73-F73 -> 0
D74: Mascotas | G74: =+E74-F74 -> 0
D75: Salón de belleza | G75: =+E75-F75 -> 0
D76: Recargas celular | G76: =+E76-F76 -> 0
D77: Caridad / Diezmo / Ayuda a familiar | G77: =+E77-F77 -> 0
D78: Compra de ropa / Zapatos / Maquillaje | G78: =+E78-F78 -> 0
D79: Dinero extra / Gastos hormiga | G79: =+E79-F79 -> 0
D80: Otros | G80: =+E80-F80 -> 0
D81: TOTAL DÍA A DÍA | E81: =SUM(E73:E80) -> 0 | F81: =SUM(F73:F80) -> 0 | G81: =SUM(G73:G80) -> 0
B82: SEGUROS
D83: Auto | G83: =+E83-F83 -> 0
D84: Casa | G84: =+E84-F84 -> 0
D85: Vida / Salud / Accidentes | G85: =+E85-F85 -> 0
D86: Otros | G86: =+E86-F86 -> 0
D87: TOTAL SEGUROS | E87: =SUM(E83:E86) -> 0 | F87: =SUM(F83:F86) -> 0 | G87: =SUM(G83:G86) -> 0
B88: MEMBRESÍAS Y SUSCRIPCIONES
D89: Plan de celular | G89: =+E89-F89 -> 0
D90: Gimnasio / Club | G90: =+E90-F90 -> 0
D91: Netflix / Spotify / Otros | G91: =+E91-F91 -> 0
D92: Otros | G92: =+E92-F92 -> 0
D93: TOTAL MEMBRESÍAS Y SUSCRIPCIONES | E93: =SUM(E89:E92) -> 0 | F93: =SUM(F89:F92) -> 0 | G93: =SUM(G89:G92) -> 0
B94: ENTRETENIMIENTO
D95: Bares / Discos / Conciertos | G95: =+E95-F95 -> 0
D96: Libros / Cine / Juegos en línea | G96: =+E96-F96 -> 0
D97: Comidas fuera / Cafés | G97: =+E97-F97 -> 0
D98: Hobby | G98: =+E98-F98 -> 0
D99: Otros: Regalos / Celebraciones | G99: =+E99-F99 -> 0
D100: Viajes / Vacaciones | G100: =+E100-F100 -> 0
D101: TOTAL ENTRETENIMIENTO | E101: =SUM(E95:E100) -> 0 | F101: =SUM(F95:F100) -> 0 | G101: =SUM(G95:G100) -> 0
D104: TOTAL GASTOS | E104: =+E22+E41+E54+E59+E71+E81+E87+E93+E101+E35 -> 0 | F104: =+F22+F41+F54+F59+F71+F81+F87+F93+F101+F35 -> 0 | G104: =+G22+G41+G54+G59+G71+G81+G87+G93+G101+G35 -> 0
D106: TOTAL INGRESOS - GASTOS | E106: =+E15-E104 -> 0 | F106: =+F15-F104 -> 0

Sheet Septiembre
G2: El mes pasado me excedí en:
G3: =Agosto!F106 -> 0
B5: PRESUPUESTO PARA FAMILIAS
E7: PRESUPUESTADO | F7: REAL | G7: DIFERENCIA | H7: MEDIO DE PAGO
B8: INGRESOS | D8: Salario mensual | G8: =+E8-F8 -> 0 | H8: Depósito a cuenta
D9: Comisiones /Bonos / Viáticos | G9: =+E9-F9 -> 0
D10: Aguinaldo | G10: =+E10-F10 -> 0
D11: Retiro cuentas de ahorro / Intereses ganados | G11: =+E11-F11 -> 0
D12: Préstamos pedidos | G12: =+E12-F12 -> 0
D13: Negocios personales | G13: =+E13-F13 -> 0
D14: Otros | G14: =+E14-F14 -> 0
B15: TOTAL INGRESOS | E15: =SUM(E8:E14) -> 0 | F15: =SUM(F8:F14) -> 0 | G15: =SUM(G8:G14) -> 0 | H15: =SUM(H8:H13) -> 0
B16: AHORRO
D18: Fondo de emergencia | G18: =+E18-F18 -> 0
D19: Plan de retiro | G19: =+E19-F19 -> 0
D20: Metas | G20: =+E20-F20 -> 0
D21: Inversiones | G21: =+E21-F21 -> 0
D22: TOTAL AHORRO | E22: =SUM(E18:E21) -> 0 | F22: =SUM(F18:F21) -> 0 | G22: =SUM(G18:G21) -> 0
B23: HOGAR Y SERVICIOS BÁSICOS
D24: Renta | G24: =+E24-F24 -> 0
D25: Electricidad | G25: =+E25-F25 -> 0
D26: Agua | G26: =+E26-F26 -> 0
D27: Cable / Internet / Teléfono | G27: =+E27-F27 -> 0
D28: Gas / Basura | G28: =+E28-F28 -> 0
D29: Compras en el supermercado | G29: =+E29-F29 -> 0
D30: Empleados / Jardinería | G30: =+E30-F30 -> 0
D31: Lavandería / Dry Cleaning / Planchada | G31: =+E31-F31 -> 0
D32: Vigilancia | G32: =+E32-F32 -> 0
D33: Mantenimiento / Mejoras
D34: Compra de aparatos / Mobiliario | G34: =+E34-F34 -> 0
D35: TOTAL HOGAR Y SERVICIOS BÁSICOS | E35: =SUM(E24:E34) -> 0 | F35: =SUM(F24:F34) -> 0 | G35: =SUM(G24:G34) -> 0
B36: AUTO / TRANSPORTE
D37: Combustible | G37: =+E37-F37 -> 0
D38: Mantenimiento / Reparaciones | G38: =+E38-F38 -> 0
D39: Transporte | G39: =+E39-F39 -> 0
D40: Otros (Lavado / Inspecciones / Llantas) | G40: =+E40-F40 -> 0
D41: TOTAL AUTO / TRANSPORTE | E41: =SUM(E37:E40) -> 0 | F41: =SUM(F37:F40) -> 0 | G41: =SUM(G37:G40) -> 0
B42: PAGO DE DEUDAS
D43: Crédito hipotecario
D44: Crédito automotriz | G44: =+E44-F44 -> 0
D45: Extrafinanciamiento | G45: =+E45-F45 -> 0
D46: Préstamo personal | G46: =+E46-F46 -> 0
D47: Tarjeta de crédito 1 | G47: =+E47-F47 -> 0
D48: Tarjeta de crédito 2 | G48: =+E48-F48 -> 0
D49: Tarjeta de crédito 3 | G49: =+E49-F49 -> 0
D50: Casa comercial | G50: =+E50-F50 -> 0
D51: Financiera | G51: =+E51-F51 -> 0
D52: Prestamista | G52: =+E52-F52 -> 0
D53: Otros | G53: =+E53-F53 -> 0
D54: TOTAL PAGO DE DEUDAS | E54: =SUM(E43:E53) -> 0 | F54: =SUM(F43:F53) -> 0 | G54: =SUM(G43:G53) -> 0
B55: GASTOS MÉDICOS
D56: Doctor 1 | G56: =+E56-F56 -> 0
D57: Doctor 2 | G57: =+E57-F57 -> 0
D58: Hospital / Exámenes / Medicamentos | G58: =+E58-F58 -> 0
D59: TOTAL GASTOS MÉDICOS | E59: =SUM(E56:E58) -> 0 | F59: =SUM(F56:F58) -> 0 | G59: =SUM(G56:G58) -> 0
B60: HIJOS, HIJAS Y BEBÉS
D61: Colegiatura | G61: =+E61-F61 -> 0
D62: Mesada / Lonchera | G62: =+E62-F62 -> 0
D63: Entrada a clases / Útiles / Uniformes | G63: =+E63-F63 -> 0
D64: Entretenimiento / Ropa / Cumpleaños | G64: =+E64-F64 -> 0
D65: Clases extras: Idiomas / Deportes / Artes | G65: =+E65-F65 -> 0
D66: Doctor / Medicinas / Vitaminas / Vacunas | G66: =+E66-F66 -> 0
D67: Bebé: Leche / Pañales / Toallitas, etc. | G67: =+E67-F67 -> 0
D68: Otros | G68: =+E68-F68 -> 0
D69: Otros | G69: =+E69-F69 -> 0
D70: Otros | G70: =+E70-F70 -> 0
D71: TOTAL HIJOS | E71: =SUM(E61:E70) -> 0 | F71: =SUM(F61:F70) -> 0 | G71: =SUM(G61:G70) -> 0
B72: DÍA A DÍA
D73: Educación / Clases de | G73: =+E73-F73 -> 0
D74: Mascotas | G74: =+E74-F74 -> 0
D75: Salón de belleza | G75: =+E75-F75 -> 0
D76: Recargas celular | G76: =+E76-F76 -> 0
D77: Caridad / Diezmo / Ayuda a familiar | G77: =+E77-F77 -> 0
D78: Compra de ropa / Zapatos / Maquillaje | G78: =+E78-F78 -> 0
D79: Dinero extra / Gastos hormiga | G79: =+E79-F79 -> 0
D80: Otros | G80: =+E80-F80 -> 0
D81: TOTAL DÍA A DÍA | E81: =SUM(E73:E80) -> 0 | F81: =SUM(F73:F80) -> 0 | G81: =SUM(G73:G80) -> 0
B82: SEGUROS
D83: Auto | G83: =+E83-F83 -> 0
D84: Casa | G84: =+E84-F84 -> 0
D85: Vida / Salud / Accidentes | G85: =+E85-F85 -> 0
D86: Otros | G86: =+E86-F86 -> 0
D87: TOTAL SEGUROS | E87: =SUM(E83:E86) -> 0 | F87: =SUM(F83:F86) -> 0 | G87: =SUM(G83:G86) -> 0
B88: MEMBRESÍAS Y SUSCRIPCIONES
D89: Plan de celular | G89: =+E89-F89 -> 0
D90: Gimnasio / Club | G90: =+E90-F90 -> 0
D91: Netflix / Spotify / Otros | G91: =+E91-F91 -> 0
D92: Otros | G92: =+E92-F92 -> 0
D93: TOTAL MEMBRESÍAS Y SUSCRIPCIONES | E93: =SUM(E89:E92) -> 0 | F93: =SUM(F89:F92) -> 0 | G93: =SUM(G89:G92) -> 0
B94: ENTRETENIMIENTO
D95: Bares / Discos / Conciertos | G95: =+E95-F95 -> 0
D96: Libros / Cine / Juegos en línea | G96: =+E96-F96 -> 0
D97: Comidas fuera / Cafés | G97: =+E97-F97 -> 0
D98: Hobby | G98: =+E98-F98 -> 0
D99: Otros: Regalos / Celebraciones | G99: =+E99-F99 -> 0
D100: Viajes / Vacaciones | G100: =+E100-F100 -> 0
D101: TOTAL ENTRETENIMIENTO | E101: =SUM(E95:E100) -> 0 | F101: =SUM(F95:F100) -> 0 | G101: =SUM(G95:G100) -> 0
D104: TOTAL GASTOS | E104: =+E22+E41+E54+E59+E71+E81+E87+E93+E101+E35 -> 0 | F104: =+F22+F41+F54+F59+F71+F81+F87+F93+F101+F35 -> 0 | G104: =+G22+G41+G54+G59+G71+G81+G87+G93+G101+G35 -> 0
D106: TOTAL INGRESOS - GASTOS | E106: =+E15-E104 -> 0 | F106: =+F15-F104 -> 0

Sheet Octubre
G2: El mes pasado me excedí en:
G3: =Septiembre!F106 -> 0
B5: PRESUPUESTO PARA FAMILIAS
E7: PRESUPUESTADO | F7: REAL | G7: DIFERENCIA | H7: MEDIO DE PAGO
B8: INGRESOS | D8: Salario mensual | G8: =+E8-F8 -> 0 | H8: Depósito a cuenta
D9: Comisiones /Bonos / Viáticos | G9: =+E9-F9 -> 0
D10: Aguinaldo | G10: =+E10-F10 -> 0
D11: Retiro cuentas de ahorro / Intereses ganados | G11: =+E11-F11 -> 0
D12: Préstamos pedidos | G12: =+E12-F12 -> 0
D13: Negocios personales | G13: =+E13-F13 -> 0
D14: Otros | G14: =+E14-F14 -> 0
B15: TOTAL INGRESOS | E15: =SUM(E8:E14) -> 0 | F15: =SUM(F8:F14) -> 0 | G15: =SUM(G8:G14) -> 0 | H15: =SUM(H8:H13) -> 0
B16: AHORRO
D18: Fondo de emergencia | G18: =+E18-F18 -> 0
D19: Plan de retiro | G19: =+E19-F19 -> 0
D20: Metas | G20: =+E20-F20 -> 0
D21: Inversiones | G21: =+E21-F21 -> 0
D22: TOTAL AHORRO | E22: =SUM(E18:E21) -> 0 | F22: =SUM(F18:F21) -> 0 | G22: =SUM(G18:G21) -> 0
B23: HOGAR Y SERVICIOS BÁSICOS
D24: Renta | G24: =+E24-F24 -> 0
D25: Electricidad | G25: =+E25-F25 -> 0
D26: Agua | G26: =+E26-F26 -> 0
D27: Cable / Internet / Teléfono | G27: =+E27-F27 -> 0
D28: Gas / Basura | G28: =+E28-F28 -> 0
D29: Compras en el supermercado | G29: =+E29-F29 -> 0
D30: Empleados / Jardinería | G30: =+E30-F30 -> 0
D31: Lavandería / Dry Cleaning / Planchada | G31: =+E31-F31 -> 0
D32: Vigilancia | G32: =+E32-F32 -> 0
D33: Mantenimiento / Mejoras
D34: Compra de aparatos / Mobiliario | G34: =+E34-F34 -> 0
D35: TOTAL HOGAR Y SERVICIOS BÁSICOS | E35: =SUM(E24:E34) -> 0 | F35: =SUM(F24:F34) -> 0 | G35: =SUM(G24:G34) -> 0
B36: AUTO / TRANSPORTE
D37: Combustible | G37: =+E37-F37 -> 0
D38: Mantenimiento / Reparaciones | G38: =+E38-F38 -> 0
D39: Transporte | G39: =+E39-F39 -> 0
D40: Otros (Lavado / Inspecciones / Llantas) | G40: =+E40-F40 -> 0
D41: TOTAL AUTO / TRANSPORTE | E41: =SUM(E37:E40) -> 0 | F41: =SUM(F37:F40) -> 0 | G41: =SUM(G37:G40) -> 0
B42: PAGO DE DEUDAS
D43: Crédito hipotecario
D44: Crédito automotriz | G44: =+E44-F44 -> 0
D45: Extrafinanciamiento | G45: =+E45-F45 -> 0
D46: Préstamo personal | G46: =+E46-F46 -> 0
D47: Tarjeta de crédito 1 | G47: =+E47-F47 -> 0
D48: Tarjeta de crédito 2 | G48: =+E48-F48 -> 0
D49: Tarjeta de crédito 3 | G49: =+E49-F49 -> 0
D50: Casa comercial | G50: =+E50-F50 -> 0
D51: Financiera | G51: =+E51-F51 -> 0
D52: Prestamista | G52: =+E52-F52 -> 0
D53: Otros | G53: =+E53-F53 -> 0
D54: TOTAL PAGO DE DEUDAS | E54: =SUM(E43:E53) -> 0 | F54: =SUM(F43:F53) -> 0 | G54: =SUM(G43:G53) -> 0
B55: GASTOS MÉDICOS
D56: Doctor 1 | G56: =+E56-F56 -> 0
D57: Doctor 2 | G57: =+E57-F57 -> 0
D58: Hospital / Exámenes / Medicamentos | G58: =+E58-F58 -> 0
D59: TOTAL GASTOS MÉDICOS | E59: =SUM(E56:E58) -> 0 | F59: =SUM(F56:F58) -> 0 | G59: =SUM(G56:G58) -> 0
B60: HIJOS, HIJAS Y BEBÉS
D61: Colegiatura | G61: =+E61-F61 -> 0
D62: Mesada / Lonchera | G62: =+E62-F62 -> 0
D63: Entrada a clases / Útiles / Uniformes | G63: =+E63-F63 -> 0
D64: Entretenimiento / Ropa / Cumpleaños | G64: =+E64-F64 -> 0
D65: Clases extras: Idiomas / Deportes / Artes | G65: =+E65-F65 -> 0
D66: Doctor / Medicinas / Vitaminas / Vacunas | G66: =+E66-F66 -> 0
D67: Bebé: Leche / Pañales / Toallitas, etc. | G67: =+E67-F67 -> 0
D68: Otros | G68: =+E68-F68 -> 0
D69: Otros | G69: =+E69-F69 -> 0
D70: Otros | G70: =+E70-F70 -> 0
D71: TOTAL HIJOS | E71: =SUM(E61:E70) -> 0 | F71: =SUM(F61:F70) -> 0 | G71: =SUM(G61:G70) -> 0
B72: DÍA A DÍA
D73: Educación / Clases de | G73: =+E73-F73 -> 0
D74: Mascotas | G74: =+E74-F74 -> 0
D75: Salón de belleza | G75: =+E75-F75 -> 0
D76: Recargas celular | G76: =+E76-F76 -> 0
D77: Caridad / Diezmo / Ayuda a familiar | G77: =+E77-F77 -> 0
D78: Compra de ropa / Zapatos / Maquillaje | G78: =+E78-F78 -> 0
D79: Dinero extra / Gastos hormiga | G79: =+E79-F79 -> 0
D80: Otros | G80: =+E80-F80 -> 0
D81: TOTAL DÍA A DÍA | E81: =SUM(E73:E80) -> 0 | F81: =SUM(F73:F80) -> 0 | G81: =SUM(G73:G80) -> 0
B82: SEGUROS
D83: Auto | G83: =+E83-F83 -> 0
D84: Casa | G84: =+E84-F84 -> 0
D85: Vida / Salud / Accidentes | G85: =+E85-F85 -> 0
D86: Otros | G86: =+E86-F86 -> 0
D87: TOTAL SEGUROS | E87: =SUM(E83:E86) -> 0 | F87: =SUM(F83:F86) -> 0 | G87: =SUM(G83:G86) -> 0
B88: MEMBRESÍAS Y SUSCRIPCIONES
D89: Plan de celular | G89: =+E89-F89 -> 0
D90: Gimnasio / Club | G90: =+E90-F90 -> 0
D91: Netflix / Spotify / Otros | G91: =+E91-F91 -> 0
D92: Otros | G92: =+E92-F92 -> 0
D93: TOTAL MEMBRESÍAS Y SUSCRIPCIONES | E93: =SUM(E89:E92) -> 0 | F93: =SUM(F89:F92) -> 0 | G93: =SUM(G89:G92) -> 0
B94: ENTRETENIMIENTO
D95: Bares / Discos / Conciertos | G95: =+E95-F95 -> 0
D96: Libros / Cine / Juegos en línea | G96: =+E96-F96 -> 0
D97: Comidas fuera / Cafés | G97: =+E97-F97 -> 0
D98: Hobby | G98: =+E98-F98 -> 0
D99: Otros: Regalos / Celebraciones | G99: =+E99-F99 -> 0
D100: Viajes / Vacaciones | G100: =+E100-F100 -> 0
D101: TOTAL ENTRETENIMIENTO | E101: =SUM(E95:E100) -> 0 | F101: =SUM(F95:F100) -> 0 | G101: =SUM(G95:G100) -> 0
D104: TOTAL GASTOS | E104: =+E22+E41+E54+E59+E71+E81+E87+E93+E101+E35 -> 0 | F104: =+F22+F41+F54+F59+F71+F81+F87+F93+F101+F35 -> 0 | G104: =+G22+G41+G54+G59+G71+G81+G87+G93+G101+G35 -> 0
D106: TOTAL INGRESOS - GASTOS | E106: =+E15-E104 -> 0 | F106: =+F15-F104 -> 0

Sheet Noviembre
G2: El mes pasado me excedí en:
G3: =Octubre!F106 -> 0
B5: PRESUPUESTO PARA FAMILIAS
E7: PRESUPUESTADO | F7: REAL | G7: DIFERENCIA | H7: MEDIO DE PAGO
B8: INGRESOS | D8: Salario mensual | G8: =+E8-F8 -> 0 | H8: Depósito a cuenta
D9: Comisiones /Bonos / Viáticos | G9: =+E9-F9 -> 0
D10: Aguinaldo | G10: =+E10-F10 -> 0
D11: Retiro cuentas de ahorro / Intereses ganados | G11: =+E11-F11 -> 0
D12: Préstamos pedidos | G12: =+E12-F12 -> 0
D13: Negocios personales | G13: =+E13-F13 -> 0
D14: Otros | G14: =+E14-F14 -> 0
B15: TOTAL INGRESOS | E15: =SUM(E8:E14) -> 0 | F15: =SUM(F8:F14) -> 0 | G15: =SUM(G8:G14) -> 0 | H15: =SUM(H8:H13) -> 0
B16: AHORRO
D18: Fondo de emergencia | G18: =+E18-F18 -> 0
D19: Plan de retiro | G19: =+E19-F19 -> 0
D20: Metas | G20: =+E20-F20 -> 0
D21: Inversiones | G21: =+E21-F21 -> 0
D22: TOTAL AHORRO | E22: =SUM(E18:E21) -> 0 | F22: =SUM(F18:F21) -> 0 | G22: =SUM(G18:G21) -> 0
B23: HOGAR Y SERVICIOS BÁSICOS
D24: Renta | G24: =+E24-F24 -> 0
D25: Electricidad | G25: =+E25-F25 -> 0
D26: Agua | G26: =+E26-F26 -> 0
D27: Cable / Internet / Teléfono | G27: =+E27-F27 -> 0
D28: Gas / Basura | G28: =+E28-F28 -> 0
D29: Compras en el supermercado | G29: =+E29-F29 -> 0
D30: Empleados / Jardinería | G30: =+E30-F30 -> 0
D31: Lavandería / Dry Cleaning / Planchada | G31: =+E31-F31 -> 0
D32: Vigilancia | G32: =+E32-F32 -> 0
D33: Mantenimiento / Mejoras
D34: Compra de aparatos / Mobiliario | G34: =+E34-F34 -> 0
D35: TOTAL HOGAR Y SERVICIOS BÁSICOS | E35: =SUM(E24:E34) -> 0 | F35: =SUM(F24:F34) -> 0 | G35: =SUM(G24:G34) -> 0
B36: AUTO / TRANSPORTE
D37: Combustible | G37: =+E37-F37 -> 0
D38: Mantenimiento / Reparaciones | G38: =+E38-F38 -> 0
D39: Transporte | G39: =+E39-F39 -> 0
D40: Otros (Lavado / Inspecciones / Llantas) | G40: =+E40-F40 -> 0
D41: TOTAL AUTO / TRANSPORTE | E41: =SUM(E37:E40) -> 0 | F41: =SUM(F37:F40) -> 0 | G41: =SUM(G37:G40) -> 0
B42: PAGO DE DEUDAS
D43: Crédito hipotecario
D44: Crédito automotriz | G44: =+E44-F44 -> 0
D45: Extrafinanciamiento | G45: =+E45-F45 -> 0
D46: Préstamo personal | G46: =+E46-F46 -> 0
D47: Tarjeta de crédito 1 | G47: =+E47-F47 -> 0
D48: Tarjeta de crédito 2 | G48: =+E48-F48 -> 0
D49: Tarjeta de crédito 3 | G49: =+E49-F49 -> 0
D50: Casa comercial | G50: =+E50-F50 -> 0
D51: Financiera | G51: =+E51-F51 -> 0
D52: Prestamista | G52: =+E52-F52 -> 0
D53: Otros | G53: =+E53-F53 -> 0
D54: TOTAL PAGO DE DEUDAS | E54: =SUM(E43:E53) -> 0 | F54: =SUM(F43:F53) -> 0 | G54: =SUM(G43:G53) -> 0
B55: GASTOS MÉDICOS
D56: Doctor 1 | G56: =+E56-F56 -> 0
D57: Doctor 2 | G57: =+E57-F57 -> 0
D58: Hospital / Exámenes / Medicamentos | G58: =+E58-F58 -> 0
D59: TOTAL GASTOS MÉDICOS | E59: =SUM(E56:E58) -> 0 | F59: =SUM(F56:F58) -> 0 | G59: =SUM(G56:G58) -> 0
B60: HIJOS, HIJAS Y BEBÉS
D61: Colegiatura | G61: =+E61-F61 -> 0
D62: Mesada / Lonchera | G62: =+E62-F62 -> 0
D63: Entrada a clases / Útiles / Uniformes | G63: =+E63-F63 -> 0
D64: Entretenimiento / Ropa / Cumpleaños | G64: =+E64-F64 -> 0
D65: Clases extras: Idiomas / Deportes / Artes | G65: =+E65-F65 -> 0
D66: Doctor / Medicinas / Vitaminas / Vacunas | G66: =+E66-F66 -> 0
D67: Bebé: Leche / Pañales / Toallitas, etc. | G67: =+E67-F67 -> 0
D68: Otros | G68: =+E68-F68 -> 0
D69: Otros | G69: =+E69-F69 -> 0
D70: Otros | G70: =+E70-F70 -> 0
D71: TOTAL HIJOS | E71: =SUM(E61:E70) -> 0 | F71: =SUM(F61:F70) -> 0 | G71: =SUM(G61:G70) -> 0
B72: DÍA A DÍA
D73: Educación / Clases de | G73: =+E73-F73 -> 0
D74: Mascotas | G74: =+E74-F74 -> 0
D75: Salón de belleza | G75: =+E75-F75 -> 0
D76: Recargas celular | G76: =+E76-F76 -> 0
D77: Caridad / Diezmo / Ayuda a familiar | G77: =+E77-F77 -> 0
D78: Compra de ropa / Zapatos / Maquillaje | G78: =+E78-F78 -> 0
D79: Dinero extra / Gastos hormiga | G79: =+E79-F79 -> 0
D80: Otros | G80: =+E80-F80 -> 0
D81: TOTAL DÍA A DÍA | E81: =SUM(E73:E80) -> 0 | F81: =SUM(F73:F80) -> 0 | G81: =SUM(G73:G80) -> 0
B82: SEGUROS
D83: Auto | G83: =+E83-F83 -> 0
D84: Casa | G84: =+E84-F84 -> 0
D85: Vida / Salud / Accidentes | G85: =+E85-F85 -> 0
D86: Otros | G86: =+E86-F86 -> 0
D87: TOTAL SEGUROS | E87: =SUM(E83:E86) -> 0 | F87: =SUM(F83:F86) -> 0 | G87: =SUM(G83:G86) -> 0
B88: MEMBRESÍAS Y SUSCRIPCIONES
D89: Plan de celular | G89: =+E89-F89 -> 0
D90: Gimnasio / Club | G90: =+E90-F90 -> 0
D91: Netflix / Spotify / Otros | G91: =+E91-F91 -> 0
D92: Otros | G92: =+E92-F92 -> 0
D93: TOTAL MEMBRESÍAS Y SUSCRIPCIONES | E93: =SUM(E89:E92) -> 0 | F93: =SUM(F89:F92) -> 0 | G93: =SUM(G89:G92) -> 0
B94: ENTRETENIMIENTO
D95: Bares / Discos / Conciertos | G95: =+E95-F95 -> 0
D96: Libros / Cine / Juegos en línea | G96: =+E96-F96 -> 0
D97: Comidas fuera / Cafés | G97: =+E97-F97 -> 0
D98: Hobby | G98: =+E98-F98 -> 0
D99: Otros: Regalos / Celebraciones | G99: =+E99-F99 -> 0
D100: Viajes / Vacaciones | G100: =+E100-F100 -> 0
D101: TOTAL ENTRETENIMIENTO | E101: =SUM(E95:E100) -> 0 | F101: =SUM(F95:F100) -> 0 | G101: =SUM(G95:G100) -> 0
D104: TOTAL GASTOS | E104: =+E22+E41+E54+E59+E71+E81+E87+E93+E101+E35 -> 0 | F104: =+F22+F41+F54+F59+F71+F81+F87+F93+F101+F35 -> 0 | G104: =+G22+G41+G54+G59+G71+G81+G87+G93+G101+G35 -> 0
D106: TOTAL INGRESOS - GASTOS | E106: =+E15-E104 -> 0 | F106: =+F15-F104 -> 0

Sheet Diciembre
G2: El mes pasado me excedí en:
G3: =Noviembre!F106 -> 0
B5: PRESUPUESTO PARA FAMILIAS
E7: PRESUPUESTADO | F7: REAL | G7: DIFERENCIA | H7: MEDIO DE PAGO
B8: INGRESOS | D8: Salario mensual | G8: =+E8-F8 -> 0 | H8: Depósito a cuenta
D9: Comisiones /Bonos / Viáticos | G9: =+E9-F9 -> 0
D10: Aguinaldo | G10: =+E10-F10 -> 0
D11: Retiro cuentas de ahorro / Intereses ganados | G11: =+E11-F11 -> 0
D12: Préstamos pedidos | G12: =+E12-F12 -> 0
D13: Negocios personales | G13: =+E13-F13 -> 0
D14: Otros | G14: =+E14-F14 -> 0
B15: TOTAL INGRESOS | E15: =SUM(E8:E14) -> 0 | F15: =SUM(F8:F14) -> 0 | G15: =SUM(G8:G14) -> 0 | H15: =SUM(H8:H13) -> 0
B16: AHORRO
D18: Fondo de emergencia | G18: =+E18-F18 -> 0
D19: Plan de retiro | G19: =+E19-F19 -> 0
D20: Metas | G20: =+E20-F20 -> 0
D21: Inversiones | G21: =+E21-F21 -> 0
D22: TOTAL AHORRO | E22: =SUM(E18:E21) -> 0 | F22: =SUM(F18:F21) -> 0 | G22: =SUM(G18:G21) -> 0
B23: HOGAR Y SERVICIOS BÁSICOS
D24: Renta | G24: =+E24-F24 -> 0
D25: Electricidad | G25: =+E25-F25 -> 0
D26: Agua | G26: =+E26-F26 -> 0
D27: Cable / Internet / Teléfono | G27: =+E27-F27 -> 0
D28: Gas / Basura | G28: =+E28-F28 -> 0
D29: Compras en el supermercado | G29: =+E29-F29 -> 0
D30: Empleados / Jardinería | G30: =+E30-F30 -> 0
D31: Lavandería / Dry Cleaning / Planchada | G31: =+E31-F31 -> 0
D32: Vigilancia | G32: =+E32-F32 -> 0
D33: Mantenimiento / Mejoras
D34: Compra de aparatos / Mobiliario | G34: =+E34-F34 -> 0
D35: TOTAL HOGAR Y SERVICIOS BÁSICOS | E35: =SUM(E24:E34) -> 0 | F35: =SUM(F24:F34) -> 0 | G35: =SUM(G24:G34) -> 0
B36: AUTO / TRANSPORTE
D37: Combustible | G37: =+E37-F37 -> 0
D38: Mantenimiento / Reparaciones | G38: =+E38-F38 -> 0
D39: Transporte | G39: =+E39-F39 -> 0
D40: Otros (Lavado / Inspecciones / Llantas) | G40: =+E40-F40 -> 0
D41: TOTAL AUTO / TRANSPORTE | E41: =SUM(E37:E40) -> 0 | F41: =SUM(F37:F40) -> 0 | G41: =SUM(G37:G40) -> 0
B42: PAGO DE DEUDAS
D43: Crédito hipotecario
D44: Crédito automotriz | G44: =+E44-F44 -> 0
D45: Extrafinanciamiento | G45: =+E45-F45 -> 0
D46: Préstamo personal | G46: =+E46-F46 -> 0
D47: Tarjeta de crédito 1 | G47: =+E47-F47 -> 0
D48: Tarjeta de crédito 2 | G48: =+E48-F48 -> 0
D49: Tarjeta de crédito 3 | G49: =+E49-F49 -> 0
D50: Casa comercial | G50: =+E50-F50 -> 0
D51: Financiera | G51: =+E51-F51 -> 0
D52: Prestamista | G52: =+E52-F52 -> 0
D53: Otros | G53: =+E53-F53 -> 0
D54: TOTAL PAGO DE DEUDAS | E54: =SUM(E43:E53) -> 0 | F54: =SUM(F43:F53) -> 0 | G54: =SUM(G43:G53) -> 0
B55: GASTOS MÉDICOS
D56: Doctor 1 | G56: =+E56-F56 -> 0
D57: Doctor 2 | G57: =+E57-F57 -> 0
D58: Hospital / Exámenes / Medicamentos | G58: =+E58-F58 -> 0
D59: TOTAL GASTOS MÉDICOS | E59: =SUM(E56:E58) -> 0 | F59: =SUM(F56:F58) -> 0 | G59: =SUM(G56:G58) -> 0
B60: HIJOS, HIJAS Y BEBÉS
D61: Colegiatura | G61: =+E61-F61 -> 0
D62: Mesada / Lonchera | G62: =+E62-F62 -> 0
D63: Entrada a clases / Útiles / Uniformes | G63: =+E63-F63 -> 0
D64: Entretenimiento / Ropa / Cumpleaños | G64: =+E64-F64 -> 0
D65: Clases extras: Idiomas / Deportes / Artes | G65: =+E65-F65 -> 0
D66: Doctor / Medicinas / Vitaminas / Vacunas | G66: =+E66-F66 -> 0
D67: Bebé: Leche / Pañales / Toallitas, etc. | G67: =+E67-F67 -> 0
D68: Otros | G68: =+E68-F68 -> 0
D69: Otros | G69: =+E69-F69 -> 0
D70: Otros | G70: =+E70-F70 -> 0
D71: TOTAL HIJOS | E71: =SUM(E61:E70) -> 0 | F71: =SUM(F61:F70) -> 0 | G71: =SUM(G61:G70) -> 0
B72: DÍA A DÍA
D73: Educación / Clases de | G73: =+E73-F73 -> 0
D74: Mascotas | G74: =+E74-F74 -> 0
D75: Salón de belleza | G75: =+E75-F75 -> 0
D76: Recargas celular | G76: =+E76-F76 -> 0
D77: Caridad / Diezmo / Ayuda a familiar | G77: =+E77-F77 -> 0
D78: Compra de ropa / Zapatos / Maquillaje | G78: =+E78-F78 -> 0
D79: Dinero extra / Gastos hormiga | G79: =+E79-F79 -> 0
D80: Otros | G80: =+E80-F80 -> 0
D81: TOTAL DÍA A DÍA | E81: =SUM(E73:E80) -> 0 | F81: =SUM(F73:F80) -> 0 | G81: =SUM(G73:G80) -> 0
B82: SEGUROS
D83: Auto | G83: =+E83-F83 -> 0
D84: Casa | G84: =+E84-F84 -> 0
D85: Vida / Salud / Accidentes | G85: =+E85-F85 -> 0
D86: Otros | G86: =+E86-F86 -> 0
D87: TOTAL SEGUROS | E87: =SUM(E83:E86) -> 0 | F87: =SUM(F83:F86) -> 0 | G87: =SUM(G83:G86) -> 0
B88: MEMBRESÍAS Y SUSCRIPCIONES
D89: Plan de celular | G89: =+E89-F89 -> 0
D90: Gimnasio / Club | G90: =+E90-F90 -> 0
D91: Netflix / Spotify / Otros | G91: =+E91-F91 -> 0
D92: Otros | G92: =+E92-F92 -> 0
D93: TOTAL MEMBRESÍAS Y SUSCRIPCIONES | E93: =SUM(E89:E92) -> 0 | F93: =SUM(F89:F92) -> 0 | G93: =SUM(G89:G92) -> 0
B94: ENTRETENIMIENTO
D95: Bares / Discos / Conciertos | G95: =+E95-F95 -> 0
D96: Libros / Cine / Juegos en línea | G96: =+E96-F96 -> 0
D97: Comidas fuera / Cafés | G97: =+E97-F97 -> 0
D98: Hobby | G98: =+E98-F98 -> 0
D99: Otros: Regalos / Celebraciones | G99: =+E99-F99 -> 0
D100: Viajes / Vacaciones | G100: =+E100-F100 -> 0
D101: TOTAL ENTRETENIMIENTO | E101: =SUM(E95:E100) -> 0 | F101: =SUM(F95:F100) -> 0 | G101: =SUM(G95:G100) -> 0
D104: TOTAL GASTOS | E104: =+E22+E41+E54+E59+E71+E81+E87+E93+E101+E35 -> 0 | F104: =+F22+F41+F54+F59+F71+F81+F87+F93+F101+F35 -> 0 | G104: =+G22+G41+G54+G59+G71+G81+G87+G93+G101+G35 -> 0
D106: TOTAL INGRESOS - GASTOS | E106: =+E15-E104 -> 0 | F106: =+F15-F104 -> 0

Sheet Lista desplegable
C2: INGRESOS | D2: GASTOS
C3: Transferencia | D3: Tarjeta de crédito
C4: Depósito a cuenta | D4: Tarjeta de débito
C5: Otros | D5: Transferencia
D6: Efectivo
